 Dungeon Crawl Stone Soup version 0.28-a0-464-g0687ed57fd (webtiles) character file.

Game seed: 11141333616928775610

76 Dabor the Conjurer (level 4, -15/34 HPs)
             Began as a Draconian Conjurer on Sept 14, 2021.
             Killed by an exploding Ijyb (25 damage)
             ... ignited by their inner flame
             ... on level 3 of the Dungeon.
             The game lasted 00:08:04 (3001 turns).

Dabor the Conjurer (Draconian Conjurer)             Turns: 3001, Time: 00:08:04

Health: -15/34     AC:  5    Str:  9    XL:     4   Next: 12%
Magic:  0/7        EV: 12    Int: 20    God:
Gold:   61         SH:  0    Dex:  9    Spells: 4/7 levels left

rFire   . . .      SeeInvis .   i - +0 hand axe
rCold   . . .      Faith    .   (no shield)
rNeg    . . .      Spirit   .   (armour unavailable)
rPois   .          Reflect  .   (helmet restricted)
rElec   .          Harm     .   (no cloak)
rCorr   .          Rampage  .   (no gloves)
Will    .....                   (no boots)
Stlth   ++........              (no amulet)
HPRegen 0.11/turn               (no ring)
MPRegen 0.10/turn               (no ring)

@: lethally poisoned (-15 -> -22)
A: AC +5, unfitting armour, cold-blooded
a: no special abilities


You were on level 3 of the Dungeon.
You visited 1 branch of the dungeon, and saw 3 of its levels.

You collected 61 gold pieces.

Inventory:

Hand Weapons
 i - a +0 hand axe (weapon)
Scrolls
 g - 2 scrolls of teleportation {unknown}
 h - a scroll of silence {unknown}
 j - a scroll of summoning {unknown}
Potions
 a - 2 potions of flight {unknown}
 b - 3 potions of heal wounds {unknown}
 c - a potion of mutation {unknown}


   Skills:
 + Level 0.9 Fighting
 + Level 2.2 Dodging
 + Level 2.5 Stealth
 + Level 2.4 Spellcasting
 * Level 4.4 Conjurations
 + Level 0.6 Translocations
 + Level 0.9 Evocations


You had 4 spell levels left.
You knew the following spells:

 Your Spells              Type           Power      Damage    Failure   Level
a - Magic Dart            Conj           80%        1d7       2%          1
b - Searing Ray           Conj           40%        2d5       3%          2

Your spell library contained the following spells:

 Spells                   Type           Power      Damage    Failure   Level
 Static Discharge         Conj/Air       11%        N/A       10%         2
 Dazzling Flash           Conj/Hex       22%        N/A       19%         3
 Ensorcelled Hibernation  Hex/Ice        4%         N/A       22%         2
 Gell's Gravitas          Tloc           2%         N/A       34%         3
 Teleport Other           Tloc           4%         N/A       34%         3
 Tukima's Dance           Hex            2%         N/A       41%         3
 Iskenderun's Mystic Bla  Conj/Tloc      12%        2d5       47%         4
 Fulminant Prism          Conj/Hex       5%         3d7       52%         4
 Sticky Flame             Conj/Fire      11%        2d3       52%         4
 Dispel Undead            Necr           2%         3d7       83%         4
 Dispersal                Tloc           2%         N/A       100%        6


Dungeon Overview and Level Annotations

Branches:
Dungeon (3/15)

Altars:
Dithmenos
Yredelemnul

Shops:
D:1 (!


Innate Abilities, Weirdness & Mutations

Your plain brown scales are hard. (AC +5)
You cannot fit into any form of body armour.
You are cold-blooded and may be slowed by cold attacks.


Message History

Ijyb enters a dispersal trap!
You blink.
Ijyb blinks!
The magic dart hits Ijyb.
Ijyb is severely wounded.
Ijyb hits you with a +0 dagger of venom.
You are poisoned.
You hit Ijyb but do no damage.
Ijyb is severely wounded.
You feel very sick. Ijyb barely misses you.
You hit Ijyb but do no damage.
Ijyb is severely wounded.
You feel sick. Ijyb closely misses you.
You completely miss Ijyb.
Ijyb is severely wounded.
You feel sick. Ijyb closely misses you. Ijyb hits you but does no damage.
You feel sick.
This is a scroll of acquirement!
Something appears at your feet!
You feel sick. Ijyb completely misses you.
As you read the scroll labelled NEENTU INYIDOPP, it crumbles to dust.
You hear a loud clanging noise!
It was a scroll of noise.
You feel sick.
Ijyb hits you with a +0 dagger of venom.
As you read the scroll labelled UHAYRA JO MIE, it crumbles to dust.
The creatures around you are filled with an inner flame!
It was a scroll of immolation.
You feel sick.
Ijyb hits you with a +0 dagger of venom.
You are more poisoned.
You are too injured to fight recklessly!
Casting: Magic Dart (safe; 2% risk of failure)
Confirm with . or Enter, or press ? or * to list all spells.
Aiming: Magic Dart (safe; 2% risk of failure)
Press: ? - help, Shift-Dir - straight line, f/p - Ijyb
Aim: Ijyb, wielding a +0 dagger of venom, wearing a +0 chain mail and carrying a wand of digging (5) (severely wounded, inner flame, strong, 100% to hit)
The magic dart hits Ijyb.
Flame seeps out of Ijyb.
Ijyb is severely wounded.
You feel sick.
Ijyb is engulfed in blazing flames.
Ijyb explodes!
The fiery explosion engulfs you!!
Ouch! That really hurt!
You die...

####........##
#............. #### #######
#.###.......#.
....##.....###.#.....#.....
.................##..#...##
..>.........$##.##.........
..........§§.##.#..........
.........§○?........#.###..
.........§@..########......
.......(.....# ##.....
.............# ###...
............## #...
....##.....## ##.. ###
####### #.. ##. ##


There were no monsters in sight!

Vanquished Creatures
  Ijyb (D:3)
  2 adders (D:3)
  2 dart slugs
  6 orcs (D:3)
  2 endoplasms
  A giant cockroach (D:1)
  5 goblins
  4 hobgoblins
  3 jackals (D:1)
  5 kobolds
  A quokka (D:3)
  4 ball pythons
  5 bats
  2 frilled lizards
  4 rats
47 creatures vanquished.

Vanquished Creatures (others)
  2 plants (D:3)
2 creatures vanquished.

Grand Total: 49 creatures vanquished

Notes
Turn   | Place    | Note
-------+----------+-------------------------------------------
     0 | D:1      | Dabor the Draconian Conjurer began the quest for the Orb.
     0 | D:1      | Reached XP level 1. HP: 14/14 MP: 3/3
   136 | D:1      | Found a faded altar of an unknown god.
   520 | D:1      | Found Sowekkae's Distillery.
   667 | D:1      | Reached XP level 2. HP: 20/20 MP: 1/5
   717 | D:1      | Found Sagap's Antique Weapon Shoppe.
   810 | D:1      | Learned a level 2 spell: Searing Ray
  1344 | D:2      | Reached XP level 3. HP: 26/26 MP: 1/6
  1790 | D:3      | Found a shadowy altar of Dithmenos.
  2202 | D:3      | Reached XP level 4. HP: 21/34 MP: 3/7
  2826 | D:3      | Found a basalt altar of Yredelemnul.
  2980 | D:3      | Noticed Ijyb
  2998 | D:3      | Identified a scroll of acquirement
  2998 | D:3      | Acquired a staff of conjuration
  3001 | D:3      | Killed Ijyb
  3001 | D:3      | Killed by an exploding Ijyb... ignited by their inner flame

Illustrated notes

Levels and vault maps discovered:
D:1:      evilmike_arrival_rings, layout_basic,
          hellmonk_ecumenical_altar_dog_temple, serial_shops,
          nicolae_shop_statue_plus, nicolae_shop_crystal,
          minmay_misc_feat_plants
D:2:      layout_rooms
D:3:      layout_rooms, mainiacjoe_overflow_surrounded_room,
          mainiacjoe_overflow_boulevard, uniq_ijyb

Skill      XL: |  1 |
---------------+----+-----
Stealth        | 2 |  2.5
Dodging        | 2 |  2.2
Fighting       | |  0.9
Spellcasting   | |  2.4
Conjurations   | |  4.4
Translocations | |  0.6
Evocations     | |  0.9

Action                   |  1- 3 |  4- 6 || total
-------------------------+-------+-------++-------
Melee: Unarmed           |   101 |    47 ||   148
       Tailslap          |    10 |     8 ||    18
       Hand axe          |       |     3 ||     3
 Cast: Magic Dart        |    69 |    26 ||    95
       Searing Ray       |     6 |     2 ||     8
  Use: Scroll            |     1 |     3 ||     4
Armor: Skin              |    37 |    12 ||    49
Dodge: Dodged            |    89 |    39 ||   128

Table legend: (Time is in decaauts)
 A = Elapsed time spent in this place.
 B = Non-inter-level travel time spent in this place.
 C = Inter-level travel time spent in this place.
 D = Time resting spent in this place.
 E = Time spent auto-exploring this place.
 F = Levels seen in this place.
 G = Mean time per level.
                   A        B        C        D        E       F      G
               +--------+--------+--------+--------+--------+-----+--------+
         Total |   3002 |   2908 |     94 |    606 |   1586 |   3 | 1000.7 |
       Dungeon |   3002 |   2908 |     94 |    606 |   1586 |   3 | 1000.7 |
               +--------+--------+--------+--------+--------+-----+--------+

Top non-repeatable levels by time:
     D:1: 1258 daAuts
     D:3: 1003 daAuts
     D:2: 740 daAuts
